 Dungeon Crawl Stone Soup version 0.29.1-4-g47bece8355 (webtiles) character file.

Game seed: 11179411712008777694

65 CungeonDrawl the Magician (level 4, -7/31 HPs)
             Began as a Djinni Conjurer on Dec 4, 2022.
             Killed by divine providence
             ... invoked by an orc priest
              (14 damage)
             ... on level 2 of the Dungeon.
             The game lasted 00:08:07 (2450 turns).

CungeonDrawl the Magician (Djinni Conjurer)         Turns: 2450, Time: 00:08:08

Health: -7/31      AC:  6    Str:  6    XL:     4   Next: 34%
Gold:   70         EV: 12    Int: 22    God:
                   SH:  0    Dex: 11

rFire   + + .      SeeInvis .   e - +1 short sword (flame)
rCold   x . .      Faith    .   (no shield)
rNeg    . . .      Spirit   .   a - +0 robe
rPois   ∞          Reflect  .   (no helmet)
rElec   .          Harm     .   (no cloak)
rCorr   .          Rampage  .   (no gloves)
Will    .....                   (boots unavailable)
Stlth   ++........              (no amulet)
HPRegen 0.10/turn               k - +4 ring of protection
MPRegen 0.00/turn               (no ring)

@: flying
A: sickness immunity, fire resistance 2, cold vulnerability 1, float, innate
caster, HP casting, extra vitality 1
a: no special abilities


You were on level 2 of the Dungeon.
You visited 1 branch of the dungeon, and saw 3 of its levels.

You collected 70 gold pieces.

Inventory:

Hand Weapons
 e - a +1 short sword of flaming (weapon)
Armour
 a - a +0 robe (worn)
Jewellery
 k - a +4 ring of protection (left hand)
Scrolls
 c - a scroll of enchant weapon {unknown}
 d - a scroll of vulnerability {unknown}
 f - a scroll of noise {unknown}
 j - a scroll of enchant armour {unknown}
 l - 2 scrolls of magic mapping
 m - a scroll of teleportation {unknown}
Potions
 g - a potion of mutation
 h - a potion of brilliance
 i - a potion of might
 n - a potion of invisibility {unknown}


   Skills:
 - Level 2.7 Dodging
 - Level 2.0 Stealth
 + Level 4.1 Spellcasting


You couldn't memorise any spells.
You knew the following spells:

 Your Spells              Type           Power      Damage    Failure   Level
a - Magic Dart            Conj           88%        1d7       1%          1
b - Searing Ray           Conj           44%        2d6       3%          2
c - Dazzling Flash        Conj/Hex       44%        N/A       6%          3
d - Fulminant Prism       Conj/Hex       11%        3d9       21%         4
e - Iskenderun's Mystic   Conj/Tloc      22%        2d6       21%         4
f - Apportation           Tloc           44%        N/A       1%          1
Your spell library was empty.

Dungeon Overview and Level Annotations

Branches:
Dungeon (3/15)

Altars:

Annotations:
D:3 Grinder


Innate Abilities, Weirdness & Mutations

You are immune to sickness and miasma.
You are immune to poison.
Your flesh is very heat resistant. (rF++)
You are vulnerable to cold. (rC-)
You float through the air rather than walking.
You learn spells naturally, not from books.
Your magical power is your life essence.
You have superior vitality. (+4 MHP)


Message History

The orc priest looks braver for a moment.
The orc hits you but does no damage. The orc misses you.
Casting: Magic Dart (safe; 1% risk of failure)
Confirm with . or Enter, or press ? or * to list all spells.
Aiming: Magic Dart (safe; 1% risk of failure)
Press: ? - help, Shift-Dir - straight line, f/p - orc priest
Aim: an orc priest, wielding a +0 club (lightly wounded, 100% to hit)
The magic dart hits the orc priest.
The orc priest is heavily wounded.
The orc hits you but does no damage. The orc priest hits you with a +0 club.
The orc hits you with a +0 trident. The orc hits you but does no damage.
Casting: Magic Dart (safe; 1% risk of failure)
Confirm with . or Enter, or press ? or * to list all spells.
Aiming: Magic Dart (safe; 1% risk of failure)
Press: ? - help, Shift-Dir - straight line, f/p - orc priest
Aim: an orc priest, wielding a +0 club (heavily wounded, 100% to hit)
The magic dart hits the orc priest.
The orc priest is severely wounded.
The orc closely misses you.
The orc priest mumbles some strange prayers to Beogh against you.
Pain shoots through your body! The orc misses you. The orc barely misses you.
Casting: Magic Dart (safe; 1% risk of failure)
Confirm with . or Enter, or press ? or * to list all spells.
Aiming: Magic Dart (safe; 1% risk of failure)
Press: ? - help, Shift-Dir - straight line, f/p - orc priest
Aim: an orc priest, wielding a +0 club (severely wounded, 100% to hit)
The magic dart hits the orc priest.
The orc priest is severely wounded.
The orc hits you but does no damage.
The orc priest hits you but does no damage.
The orc completely misses you. The orc hits you with a +0 short sword.
The orc barely misses you.
The orc priest calls down the wrath of Beogh upon you.
Pain shoots through your body!
* * * LOW HITPOINT WARNING * * *
The orc barely misses you. The orc attacks as you move away!
The orc closely misses you.
The orc priest mumbles some strange prayers to Beogh against you.
Beogh smites you!
You die...

..........................#
.#.###..........P..P......#
...###..#.#.#.............#
.........)................#
...............[##........# ###
[..............###........# #.#
...#...........######.#########.#
#............o......#...........#
#..#..###.....oo@...#........<...
##.#..# #.....o####...(..........
##.#..# ##.....# #...............
...#..# ##....###.#..[...).....<
##÷...#####)#....................
##......##.#....................
##.###.##......................
#..##...........##.##########..
#.....##.....##.##.#..........(


You could see an orc priest and 3 orcs.

Vanquished Creatures
  2 adders
  2 worms (D:2)
  8 bats
  2 endoplasms (D:1)
  2 giant cockroaches (D:1)
  3 hobgoblins (D:1)
  2 quokkas
  A ball python (D:2)
  2 frilled lizards (D:1)
  6 goblins
  4 kobolds
  8 rats
42 creatures vanquished.

Vanquished Creatures (others)
  A fungus (D:3)
  A plant (D:3)
2 creatures vanquished.

Grand Total: 44 creatures vanquished

Notes
Turn   | Place    | Note
-------+----------+-------------------------------------------
     0 | D:1      | CungeonDrawl the Djinni Conjurer began the quest for the
                  | Orb.
     0 | D:1      | CungeonDrawl set off with the following spells memorised:
                  | Magic Dart, Searing Ray, Dazzling Flash, Fulminant Prism,
                  | Iskenderun's Mystic Blast.
     0 | D:1      | Reached XP level 1. HP: 15/15 MP: 0/0
   186 | D:1      | Reached XP level 2. HP: 15/21 MP: 0/0
  1024 | D:1      | Reached XP level 3. HP: 24/25 MP: 0/0
  1024 | D:1      | Learned a level 1 spell: Apportation
  2048 | D:2      | Reached XP level 4. HP: 28/31 MP: 0/0
  2305 | D:2      | Reached skill level 4 in Spellcasting
  2403 | D:3      | Noticed Grinder
  2450 | D:2      | Killed from afar by an orc priest

Illustrated notes

Levels and vault maps discovered:
D:1:      ncdulo_halloftheorcs, layout_basic, serial_corexii_hall,
          chequers_hall_statues_corner_a, corexii_hall_statues_s,
          minmay_misc_feat_cross, minmay_misc_feat_diagonals
D:2:      layout_rooms, minmay_misc_feat_plants, chequers_serial_rivers_small_a,
          minivault_5, minmay_split_cup_small
D:3:      layout_rooms, shapermc_ecumenical_altar_mp_ritualfount,
          grunt_ministairs_12, uniq_grinder

Skill      XL: |  1  2  3  4 |
---------------+-------------+-----
Stealth        | 2 |  2.0
Spellcasting   | 4 |  4.1
Dodging        | |  2.7

Action                   |  1- 3 |  4- 6 || total
-------------------------+-------+-------++-------
 Cast: Magic Dart        |    77 |    19 ||    96
  Use: Scroll            |       |     4 ||     4
Armor: Robe              |     5 |     7 ||    12
Dodge: Dodged            |    11 |    10 ||    21
